Aeros vs Griffins

Created - Sunday, March 01, 2015 at 22:55

Goals
1 2 3 OT1 SO T
Aeros 0 0 1 0 2 2
Griffins 0 1 0 0 1 1
Shots
1 2 3 OT1 SO T
Aeros 7 10 8 3 3 28
Griffins 4 10 14 2 3 30

1st period

No Goal

Penalties :
Cam Janssen (HOU) for Hooking (Minor) at 5:12, Mike Angelidis (GRG) for Hooking (Minor) at 15:16

2nd period

1. Griffins , Mark Mancari 16 (Ben Eager, Matt Marquardt) at 6:01 (PP)

Penalties :
Warren Peters (HOU) for Charging (Minor) at 0:42, Bretton Stamler (HOU) for Hooking (Minor) at 5:26, Andrew Gordon (HOU) for Slashing (Minor) at 12:11, Bretton Stamler (HOU) for Goalie Interference (Minor) at 17:10, Ben Eager (GRG) for Fighting (Major) at 19:48, Jon Landry (HOU) for Fighting (Major) at 19:48

3rd period

2. Aeros , Colin Stuart 8 (Andrew Gordon, Warren Peters) at 1:52 (PP)

Penalties :
Robert Czarnik (GRG) for Interference (Minor) at 1:28, Matt Marquardt (GRG) for Fighting (Major) at 1:55, Bretton Stamler (HOU) for Fighting (Major) at 1:55, Derek Meech (GRG) for Hooking (Minor) at 2:22, Ben Eager (GRG) for Fighting (Major) at 9:17, Jon Landry (HOU) for Fighting (Major) at 9:17, Cam Janssen (HOU) for Hooking (Minor) at 13:18, Danny Hobbs (HOU) for Roughing (Double Minor) at 16:07

Overtime #1

No Goal

Penalties :
No Penalty

Shootout

Penalty Shot by Andrew Gordon for Aeros - Goal!
Penalty Shot by Ben Eager for Griffins - Stopped by Harri Sateri
Penalty Shot by Jason Zucker for Aeros - Goal!
Penalty Shot by Mark Mancari for Griffins - Goal!
Penalty Shot by Craig Cunningham for Aeros - Stopped by Jeff Deslauriers
Penalty Shot by John McFarland for Griffins - Shot Misses the Net

Penalties :
No Penalty

Goalie Stats

Harri Sateri (HOU), 29 saves from 30 shots - (0.967), W, 16-12-10, 65:00 minutes
Jeff Deslauriers (GRG), 27 saves from 28 shots - (0.964), OTL, 27-19-7, 65:00 minutes

Players Stats for Aeros

Player Name              G  A  P  +/- PIM S  H  SB GA TA FO     MP     PP MP  PK MP  
------------------------------------------------------------------------------------
Andrew Gordon            0  1  1   0  2   4  4  2  1  3  7/14   25:44   2:51   7:47 
Bretton Stamler          0  0  0   0  9   1  1  0  0  2  0/0    18:52   0:24   2:20 
Brodie Dupont            0  0  0   0  0   1  1  0  0  0  2/5     9:10   0:00   0:00 
Cam Janssen              0  0  0   0  4   1  6  1  3  0  1/3    13:27   1:31   1:44 
Colin Stuart             1  0  1   0  0   6  3  0  3  0  0/0    16:45   2:51   3:36 
Craig Cunningham         0  0  0   0  0   6  0  1  3  1  0/0    17:24   1:31   3:36 
Dana Tyrell              0  0  0   0  0   4  1  2  5  2  9/16   23:31   0:00   9:08 
Danny Hobbs              0  0  0   0  4   1  2  0  1  1  0/0    12:13   1:31   1:01 
Ilari Melart             0  0  0   0  0   0  1  0  0  0  0/0    10:01   0:00   0:00 
Jani Hakanpaa            0  0  0   0  0   0  2  1  0  5  0/0    29:36   3:15   7:57 
Jason Zucker             0  0  0   0  0   1  0  0  2  0  0/0    11:50   0:00   0:00 
Joel Chouinard           0  0  0   0  0   1  2  1  0  3  0/0    23:16   1:07   5:45 
Jon Landry               0  0  0   0  10  0  2  2  0  1  0/0    23:30   0:52   8:01 
Matthew Pistilli         0  0  0   0  0   1  2  0  0  0  1/2    10:42   0:00   0:00 
Mike Ullrich             0  0  0   0  0   0  0  0  1  1  1/5     8:49   0:00   0:21 
Patrick Wey              0  0  0   0  0   0  0  0  0  2  0/0    26:08   3:06   5:56 
Scott Campbell           0  0  0   0  0   1  1  0  1  0  0/0    11:50   0:00   1:38 
Warren Peters            0  1  1   0  2   0  0  2  1  0  9/16   13:29   2:51   0:00 

Players Stats for Griffins

Player Name              G  A  P  +/- PIM S  H  SB GA TA FO     MP     PP MP  PK MP  
------------------------------------------------------------------------------------
Alexander Sulzer         0  0  0   0  0   3  0  0  0  1  0/0    12:48   0:00   0:20 
Ben Eager                0  1  1   0  10  1  4  0  4  0  4/5    21:01   6:03   0:47 
Derek Meech              0  0  0   0  2   2  0  3  0  1  0/0    27:50   6:36   1:38 
Douglas Murray           0  0  0   0  0   1  0  1  0  0  0/0    12:28   0:00   0:00 
John Albert              0  0  0   0  0   3  0  0  3  0  1/1     9:17   0:00   1:28 
John McFarland           0  0  0   0  0   5  3  0  11 5  0/1    21:40   6:52   0:08 
Jordan Owens             0  0  0   0  0   0  0  0  0  0  1/1     9:30   0:00   0:23 
Kellan Lain              0  0  0   0  0   2  0  0  0  0  6/15   20:13   6:52   0:00 
Mark Alt                 0  0  0   0  0   3  2  1  0  3  0/0    29:50   6:36   3:37 
Mark Mancari             1  0  1   0  0   2  1  1  2  0  0/0    24:05   7:30   3:31 
Matt Marquardt           0  1  1   0  5   1  1  0  2  0  9/22   17:36   7:30   0:00 
Mike Angelidis           0  0  0   0  2   5  3  1  2  1  1/1    21:45   6:52   0:08 
Mike Cornell             0  0  0   0  0   0  0  0  0  0  0/0     0:00   0:00   0:00 
Mitchell Heard           0  0  0   0  0   0  1  0  4  1  5/10   16:12   0:00   2:19 
Patrick Wellar           0  0  0   0  0   0  2  1  0  0  0/0    22:41   7:46   0:45 
Paul Thompson            0  0  0   0  0   0  1  2  3  0  1/2    17:58   1:27   0:00 
Robert Czarnik           0  0  0   0  2   2  2  0  0  0  3/3     6:13   0:00   0:00 
Tyler Eckford            0  0  0   0  0   0  1  1  0  3  0/0    24:20   7:46   2:24 

3 Stars

1 - Harri Sateri (HOU)
2 - Jeff Deslauriers (GRG)
3 - Colin Stuart (HOU)

Power Play

Aeros - 1 on 3 Attempt(s) - 33.33%
Griffins - 1 on 8 Attempt(s) - 12.50%

Penalty Kill

Aeros - 7 on 8 Attempt(s) - 87.50% - Score 0 goal in Penalty Kill
Griffins - 2 on 3 Attempt(s) - 66.67% - Score 0 goal in Penalty Kill

Team Stat

Aeros - Hits : 28 - Faceoff Wins : 30 - Blocked Shots : 12 - Penalty Minutes : 31
Griffins - Hits : 21 - Faceoff Wins : 31 - Blocked Shots : 11 - Penalty Minutes : 21

Official

Referees : Unknown
Linesman : Unknown

Game Notes

Jordan Owens is injured at 19:47 of 2nd period (Sprained Left Finger)
Ben Eager beats up Jon Landry at 19:48 of 2nd period
Matt Marquardt and Bretton Stamler fight to a draw at 1:55 of 3rd period
Ben Eager and Jon Landry fight to a draw at 9:17 of 3rd period

Finance

Level 1 -- Attendance: 1394 (69.70%) -- Ticket Income $48,790
Level 2 -- Attendance: 741 (74.10%) -- Ticket Income $11,115
Total Attendance: 2135 (71.17%)
Total Ticket Income: $59,905
Other Income: $29,353
Total Income: $89,258

Aeros

5 vs 5 Forward 
   Center                   Left Wing                Right Wing               Time % Phy DF OF 
 1 Dana Tyrell              Jason Zucker             Andrew Gordon            35     1   2  2  
 2 Warren Peters            Craig Cunningham         Cam Janssen              30     1   2  2  
 3 Brodie Dupont            Colin Stuart             Matthew Pistilli         22     1   2  2  
 4 Mike Ullrich             Scott Campbell           Danny Hobbs              13     1   2  2  

5 vs 5 Defense 
   Defense                  Defense                                           Time % Phy DF OF 
 1 Jon Landry               Patrick Wey                                       35     1   2  2  
 2 Bretton Stamler          Joel Chouinard                                    30     1   2  2  
 3 Ilari Melart             Jani Hakanpaa                                     22     1   2  2  
 4 Jon Landry               Jani Hakanpaa                                     13     1   2  2  

PowerPlay Forward 
   Center                   Left Wing                Right Wing               Time % Phy DF OF 
 1 Warren Peters            Colin Stuart             Andrew Gordon            60     1   2  2  
 2 Danny Hobbs              Craig Cunningham         Cam Janssen              40     1   2  2  

PowerPlay Defense
   Defense                  Defense                                           Time % Phy DF OF 
 1 Jani Hakanpaa            Jon Landry                                        60     1   2  2  
 2 Joel Chouinard           Patrick Wey                                       40     1   2  2  

Penalty Kill 4 Players Forward 
   Center                   Wing                     Time % Phy DF OF 
 1 Andrew Gordon            Dana Tyrell              60     1   2  2  
 2 Craig Cunningham         Colin Stuart             40     1   2  2  

Penalty Kill 4 Players Defense
   Defense                  Defense                  Time % Phy DF OF 
 1 Jani Hakanpaa            Jon Landry               60     1   2  2  
 2 Joel Chouinard           Patrick Wey              40     1   2  2  

Penalty Kill - 3 Players Forward 
   Forward                                           Time % Phy DF OF 
 1 Andrew Gordon                                     60     1   2  2  
 2 Dana Tyrell                                       40     1   2  2  

Penalty Kill - 3 Players Defense
   Defense                  Defense                  Time % Phy DF OF 
 1 Jani Hakanpaa            Jon Landry               60     1   2  2  
 2 Joel Chouinard           Patrick Wey              40     1   2  2  

4 vs 4 Forward 
   Center                   Wing                     Time % Phy DF OF 
 1 Andrew Gordon            Dana Tyrell              60     1   2  2  
 2 Craig Cunningham         Colin Stuart             40     1   2  2  

4 vs 4 Defense
   Defense                  Defense                  Time % Phy DF OF 
 1 Jani Hakanpaa            Jon Landry               60     1   2  2  
 2 Joel Chouinard           Patrick Wey              40     1   2  2  

Last Minutes Offensive
   Center                   Left Wing                Right Wing               Defense                  Defense                  
   Warren Peters            Dana Tyrell              Andrew Gordon            Patrick Wey              Jon Landry               

Last Minutes Defensive
   Center                   Left Wing                Right Wing               Defense                  Defense                  
   Warren Peters            Dana Tyrell              Andrew Gordon            Jani Hakanpaa            Jon Landry               

Goaltenders
Starting : Harri Sateri             
Backup : David Leggio             

Extra Forwards
Normal : Matthew Pistilli, Scott Campbell, Dana Tyrell - PP : Matthew Pistilli, Scott Campbell - PK : Cam Janssen
Extra Defensemen
Normal : Bretton Stamler, Jon Landry, Jani Hakanpaa - PP : Bretton Stamler - PK : Bretton Stamler, Jani Hakanpaa
Penalty Shots
Andrew Gordon, Jason Zucker, Craig Cunningham, Colin Stuart, Warren Peters

Griffins

5 vs 5 Forward 
   Center                   Left Wing                Right Wing               Time % Phy DF OF 
 1 Matt Marquardt           Ben Eager                Mark Mancari             35     1   2  2  
 2 Kellan Lain              Mike Angelidis           John McFarland           30     1   2  2  
 3 Mitchell Heard           Jordan Owens             Paul Thompson            22     1   2  2  
 4 Robert Czarnik           Ben Eager                John Albert              13     1   2  2  

5 vs 5 Defense 
   Defense                  Defense                                           Time % Phy DF OF 
 1 Derek Meech              Mark Alt                                          35     1   2  2  
 2 Tyler Eckford            Patrick Wellar                                    30     1   2  2  
 3 Douglas Murray           Alexander Sulzer                                  22     1   2  2  
 4 Derek Meech              Mark Alt                                          13     1   2  2  

PowerPlay Forward 
   Center                   Left Wing                Right Wing               Time % Phy DF OF 
 1 Matt Marquardt           Ben Eager                Mark Mancari             60     1   2  2  
 2 Kellan Lain              Mike Angelidis           John McFarland           40     1   2  2  

PowerPlay Defense
   Defense                  Defense                                           Time % Phy DF OF 
 1 Derek Meech              Mark Alt                                          60     1   2  2  
 2 Tyler Eckford            Patrick Wellar                                    40     1   2  2  

Penalty Kill 4 Players Forward 
   Center                   Wing                     Time % Phy DF OF 
 1 Ben Eager                Mark Mancari             60     1   2  2  
 2 John McFarland           Mike Angelidis           40     1   2  2  

Penalty Kill 4 Players Defense
   Defense                  Defense                  Time % Phy DF OF 
 1 Derek Meech              Mark Alt                 60     1   2  2  
 2 Tyler Eckford            Patrick Wellar           40     1   2  2  

Penalty Kill - 3 Players Forward 
   Forward                                           Time % Phy DF OF 
 1 Ben Eager                                         60     1   2  2  
 2 Mark Mancari                                      40     1   2  2  

Penalty Kill - 3 Players Defense
   Defense                  Defense                  Time % Phy DF OF 
 1 Derek Meech              Mark Alt                 60     1   2  2  
 2 Tyler Eckford            Patrick Wellar           40     1   2  2  

4 vs 4 Forward 
   Center                   Wing                     Time % Phy DF OF 
 1 Ben Eager                Mark Mancari             60     1   2  2  
 2 John McFarland           Mike Angelidis           40     1   2  2  

4 vs 4 Defense
   Defense                  Defense                  Time % Phy DF OF 
 1 Derek Meech              Mark Alt                 60     1   2  2  
 2 Tyler Eckford            Patrick Wellar           40     1   2  2  

Last Minutes Offensive
   Center                   Left Wing                Right Wing               Defense                  Defense                  
   Matt Marquardt           Ben Eager                Mark Mancari             Derek Meech              Mark Alt                 

Last Minutes Defensive
   Center                   Left Wing                Right Wing               Defense                  Defense                  
   Matt Marquardt           Ben Eager                Mark Mancari             Derek Meech              Mark Alt                 

Goaltenders
Starting : Jeff Deslauriers         
Backup : Scott Stajcer            

Extra Forwards
Normal : Paul Thompson, Jordan Owens, Mitchell Heard - PP : Paul Thompson, Jordan Owens - PK : Mitchell Heard
Extra Defensemen
Normal : Mark Alt, Derek Meech, Tyler Eckford - PP : Mark Alt - PK : Derek Meech, Tyler Eckford
Penalty Shots
Ben Eager, Mark Mancari, John McFarland, Mike Angelidis, Matt Marquardt

% Time on Ice - Aeros

Lines # - Real PCT - Wanted PCT - Time Play
Normal Forward
1 - 30% - 35% - 12:30
2 - 27% - 30% - 11:07
3 - 22% - 22% - 9:10
4 - 21% - 13% - 8:29
Normal Defense
1 - 36% - 35% - 14:51
2 - 32% - 30% - 13:12
3 - 24% - 22% - 10:02
4 - 8% - 13% - 3:11
PP Forward
1 - 65% - 60% - 2:51
2 - 35% - 40% - 1:31
PP Defense
1 - 74% - 60% - 3:15
2 - 26% - 40% - 1:07
PK Forward
1 - 75% - 60% - 10:46
2 - 25% - 40% - 3:36
PK Defense
1 - 62% - 60% - 8:52
2 - 38% - 40% - 5:30
PK3 Forward
1 - 100% - 60% - 0:07
2 - 0% - 40% - 0:00
PK3 Defense
1 - 100% - 60% - 0:07
2 - 0% - 40% - 0:00
44 Forward
1 - 100% - 60% - 4:53
2 - 0% - 40% - 0:00
44 Defense
1 - 55% - 60% - 2:40
2 - 45% - 40% - 2:13
Last Minute Offensive  - 0:00
Last Minute Defensive  - 0:00
Total
Forward - 65:00
Defense - 65:00

% Time on Ice - Griffins

Lines # - Real PCT - Wanted PCT - Time Play
Normal Forward
1 - 26% - 35% - 10:34
2 - 34% - 30% - 13:59
3 - 25% - 22% - 10:29
4 - 15% - 13% - 6:14
Normal Defense
1 - 34% - 35% - 13:59
2 - 29% - 30% - 12:02
3 - 30% - 22% - 12:29
4 - 7% - 13% - 2:46
PP Forward
1 - 52% - 60% - 7:30
2 - 48% - 40% - 6:52
PP Defense
1 - 46% - 60% - 6:36
2 - 54% - 40% - 7:46
PK Forward
1 - 97% - 60% - 4:14
2 - 3% - 40% - 0:08
PK Defense
1 - 83% - 60% - 3:37
2 - 17% - 40% - 0:45
PK3 Forward
1 - 0% - 60%
2 - 0% - 40%
PK3 Defense
1 - 0% - 60%
2 - 0% - 40%
44 Forward
1 - 86% - 60% - 4:19
2 - 14% - 40% - 0:41
44 Defense
1 - 57% - 60% - 2:52
2 - 43% - 40% - 2:08
Last Minute Offensive  - 0:00
Last Minute Defensive  - 0:00
Total
Forward - 65:00
Defense - 65:00

Play by Play

1st period


0:01 of 1st period - Dana Tyrell wins face-off versus Matt Marquardt in neutral zone.
0:26 of 1st period - Wrist shot by Ben Eager.
0:26 of 1st period - Shot Blocked by Dana Tyrell.
1:05 of 1st period - Off-side.
1:06 of 1st period - Kellan Lain wins face-off versus Brodie Dupont in neutral zone.
1:17 of 1st period - Snap shot by John McFarland.
1:17 of 1st period - Stopped by Harri Sateri without a rebound.
1:18 of 1st period - Mitchell Heard wins face-off versus Brodie Dupont in Aeros zone.
1:39 of 1st period - Wrist shot by Brodie Dupont.
1:39 of 1st period - Stopped by Jeff Deslauriers with a rebound.
1:41 of 1st period - Slapshot by Joel Chouinard.
1:41 of 1st period - Shot Misses the Net.
1:43 of 1st period - Backhand shot by Colin Stuart.
1:43 of 1st period - Shot Misses the Net.
1:45 of 1st period - Snap shot by Colin Stuart.
1:45 of 1st period - Stopped by Jeff Deslauriers with a rebound.
2:11 of 1st period - Jordan Owens is hit by Bretton Stamler and loses puck.
2:20 of 1st period - Slapshot by Scott Campbell.
2:20 of 1st period - Shot Blocked by Patrick Wellar.
2:22 of 1st period - Slapshot by Jani Hakanpaa.
2:22 of 1st period - Shot Misses the Net.
3:04 of 1st period - Tyler Eckford is hit by Cam Janssen and loses puck.
3:21 of 1st period - Patrick Wey is hit by Mike Angelidis and loses puck.
3:28 of 1st period - Wrist shot by John McFarland.
3:28 of 1st period - Deflect By Jason Zucker.
3:28 of 1st period - Shot Misses the Net.
3:28 of 1st period - Puck is out of play.
3:29 of 1st period - Dana Tyrell wins face-off versus Kellan Lain in Aeros zone.
4:36 of 1st period - Off-side.
4:37 of 1st period - Robert Czarnik wins face-off versus Warren Peters in neutral zone.
5:00 of 1st period - Slapshot by Alexander Sulzer.
5:00 of 1st period - Shot Misses the Net.
5:02 of 1st period - Snap shot by Douglas Murray.
5:02 of 1st period - Shot Misses the Net.
5:04 of 1st period - Snap shot by Douglas Murray.
5:04 of 1st period - Shot Blocked by Jon Landry.
5:06 of 1st period - Snap shot by Robert Czarnik.
5:06 of 1st period - Stopped by Harri Sateri with a rebound.
5:12 of 1st period - Minor Penalty to Cam Janssen for Hooking.
5:13 of 1st period - Andrew Gordon wins face-off versus Kellan Lain in Aeros zone.
6:07 of 1st period - Matt Marquardt is hit by Andrew Gordon and loses puck.
7:00 of 1st period - Jon Landry is hit by Mark Alt.
7:12 of 1st period - Penalty to Cam Janssen is over, Cam Janssen is back on ice.
7:22 of 1st period - Backhand shot by Mike Angelidis.
7:22 of 1st period - Stopped by Harri Sateri without a rebound.
7:23 of 1st period - Mike Ullrich wins face-off versus Kellan Lain in Aeros zone.
8:23 of 1st period - Snap shot by Craig Cunningham.
8:23 of 1st period - Shot Misses the Net.
8:53 of 1st period - Bretton Stamler is hit by Robert Czarnik and loses puck.
9:20 of 1st period - Slapshot by Colin Stuart.
9:20 of 1st period - Stopped by Jeff Deslauriers with a rebound.
9:34 of 1st period - John McFarland is hit by Dana Tyrell and loses puck.
10:37 of 1st period - Snap shot by Craig Cunningham.
10:37 of 1st period - Stopped by Jeff Deslauriers with a rebound.
10:53 of 1st period - Snap shot by Colin Stuart.
10:53 of 1st period - Shot Blocked by Tyler Eckford.
11:39 of 1st period - Wrist shot by Danny Hobbs.
11:39 of 1st period - Stopped by Jeff Deslauriers with a rebound.
11:41 of 1st period - Wrist shot by Bretton Stamler.
11:41 of 1st period - Stopped by Jeff Deslauriers with a rebound.
11:43 of 1st period - Slapshot by Joel Chouinard.
11:43 of 1st period - Shot Blocked by Derek Meech.
11:45 of 1st period - Snap shot by Danny Hobbs.
11:45 of 1st period - Shot Blocked by Derek Meech.
12:01 of 1st period - Ben Eager is hit by Cam Janssen and loses puck.
12:26 of 1st period - Douglas Murray is hit by Colin Stuart and loses puck.
12:36 of 1st period - Mark Alt is hit by Matthew Pistilli and loses puck.
12:49 of 1st period - Jason Zucker is hit by Robert Czarnik and loses puck.
13:00 of 1st period - Douglas Murray is hit by Jon Landry.
13:22 of 1st period - Off-side.
13:23 of 1st period - Matt Marquardt wins face-off versus Mike Ullrich in neutral zone.
14:34 of 1st period - Douglas Murray is hit by Matthew Pistilli and loses puck.
15:03 of 1st period - Snap shot by Mike Angelidis.
15:03 of 1st period - Shot Misses the Net.
15:05 of 1st period - Wrist shot by Mike Angelidis.
15:05 of 1st period - Stopped by Harri Sateri without a rebound.
15:06 of 1st period - Warren Peters wins face-off versus Kellan Lain in Aeros zone.
15:16 of 1st period - Minor Penalty to Mike Angelidis for Hooking.
15:17 of 1st period - Ben Eager wins face-off versus Warren Peters in Griffins zone.
15:25 of 1st period - Snap shot by Mark Mancari.
15:25 of 1st period - Shot Blocked by Andrew Gordon.
15:35 of 1st period - Snap shot by Colin Stuart.
15:35 of 1st period - Stopped by Jeff Deslauriers with a rebound.
16:27 of 1st period - Tyler Eckford is hit by Jani Hakanpaa and loses puck.
16:42 of 1st period - Colin Stuart is hit by Tyler Eckford and loses puck.
17:16 of 1st period - Penalty to Mike Angelidis is over, Mike Angelidis is back on ice.
17:16 of 1st period - Mitchell Heard is hit by Cam Janssen and loses puck.
17:48 of 1st period - Douglas Murray is hit by Ilari Melart.
18:15 of 1st period - Ben Eager is hit by Andrew Gordon and loses puck.
18:34 of 1st period - Kellan Lain is hit by Danny Hobbs and loses puck.
Goals for this period are 0 for Aeros vs 0 for Griffins.
Shots for this period are 7 for Aeros vs 4 for Griffins.

2nd period


0:01 of 2nd period - Dana Tyrell wins face-off versus Matt Marquardt in neutral zone.
0:10 of 2nd period - Snap shot by Dana Tyrell.
0:10 of 2nd period - Deflect By Jason Zucker.
0:10 of 2nd period - Shot Misses the Net.
0:10 of 2nd period - Puck is out of play.
0:11 of 2nd period - Dana Tyrell wins face-off versus Matt Marquardt in Griffins zone.
0:20 of 2nd period - Slapshot by Andrew Gordon.
0:20 of 2nd period - Stopped by Jeff Deslauriers with a rebound.
0:22 of 2nd period - Wrist shot by Jon Landry.
0:22 of 2nd period - Shot Misses the Net.
0:32 of 2nd period - Wrist shot by Jason Zucker.
0:32 of 2nd period - Deflect By Dana Tyrell.
0:32 of 2nd period - Shot Misses the Net.
0:32 of 2nd period - Puck is out of play.
0:33 of 2nd period - Kellan Lain wins face-off versus Warren Peters in Griffins zone.
0:33 of 2nd period - Kellan Lain is hit by Cam Janssen.
0:42 of 2nd period - Minor Penalty to Warren Peters for Charging.
0:43 of 2nd period - Matt Marquardt wins face-off versus Andrew Gordon in Aeros zone.
1:09 of 2nd period - Snap shot by Ben Eager.
1:09 of 2nd period - Stopped by Harri Sateri with a rebound.
1:11 of 2nd period - Wrist shot by Derek Meech.
1:11 of 2nd period - Stopped by Harri Sateri without a rebound.
1:12 of 2nd period - Kellan Lain wins face-off versus Andrew Gordon in Aeros zone.
2:33 of 2nd period - Colin Stuart is hit by Ben Eager and loses puck.
2:42 of 2nd period - Penalty to Warren Peters is over, Warren Peters is back on ice.
4:27 of 2nd period - Off-side.
4:28 of 2nd period - Warren Peters wins face-off versus Mitchell Heard in neutral zone.
4:35 of 2nd period - Snap shot by Cam Janssen.
4:35 of 2nd period - Shot Blocked by Mark Alt.
4:47 of 2nd period - Wrist shot by Cam Janssen.
4:47 of 2nd period - Shot Misses the Net.
5:14 of 2nd period - Alexander Sulzer is hit by Jani Hakanpaa and loses puck.
5:26 of 2nd period - Minor Penalty to Bretton Stamler for Hooking.
5:27 of 2nd period - Andrew Gordon wins face-off versus Matt Marquardt in Aeros zone.
5:33 of 2nd period - Icing by Matt Marquardt.
5:34 of 2nd period - Matt Marquardt wins face-off versus Andrew Gordon in Griffins zone.
6:01 of 2nd period - Snap shot by Mark Mancari.
6:01 of 2nd period - Goal by Mark Mancari - Aeros : 0 - Griffins : 1.
6:02 of 2nd period - Mike Angelidis wins face-off versus Warren Peters in neutral zone.
6:05 of 2nd period - Snap shot by Mike Angelidis.
6:05 of 2nd period - Shot Misses the Net.
6:07 of 2nd period - Snap shot by Mark Alt.
6:07 of 2nd period - Stopped by Harri Sateri with a rebound.
6:09 of 2nd period - Wrist shot by John McFarland.
6:09 of 2nd period - Stopped by Harri Sateri with a rebound.
6:11 of 2nd period - Snap shot by Derek Meech.
6:11 of 2nd period - Stopped by Harri Sateri with a rebound.
6:13 of 2nd period - Slapshot by Mark Alt.
6:13 of 2nd period - Shot Misses the Net.
6:15 of 2nd period - Slapshot by Mark Alt.
6:15 of 2nd period - Shot Blocked by Warren Peters.
6:17 of 2nd period - Snap shot by Kellan Lain.
6:17 of 2nd period - Stopped by Harri Sateri with a rebound.
6:19 of 2nd period - Slapshot by John McFarland.
6:19 of 2nd period - Stopped by Harri Sateri without a rebound.
6:20 of 2nd period - Warren Peters wins face-off versus Kellan Lain in Aeros zone.
7:11 of 2nd period - Wrist shot by Jason Zucker.
7:11 of 2nd period - Deflect By Andrew Gordon.
7:11 of 2nd period - Shot Misses the Net.
7:11 of 2nd period - Puck is out of play.
7:12 of 2nd period - Matt Marquardt wins face-off versus Dana Tyrell in Griffins zone.
7:19 of 2nd period - Joel Chouinard is hit by Ben Eager and loses puck.
8:39 of 2nd period - Danny Hobbs is hit by Matt Marquardt and loses puck.
9:14 of 2nd period - Snap shot by Derek Meech.
9:14 of 2nd period - Shot Blocked by Jon Landry.
9:48 of 2nd period - Craig Cunningham is hit by Paul Thompson and loses puck.
10:04 of 2nd period - Icing by Jordan Owens.
10:05 of 2nd period - Jordan Owens wins face-off versus Andrew Gordon in Griffins zone.
10:12 of 2nd period - Slapshot by Douglas Murray.
10:12 of 2nd period - Deflect By Paul Thompson.
10:12 of 2nd period - Shot Misses the Net.
10:12 of 2nd period - Puck is out of play.
10:13 of 2nd period - Dana Tyrell wins face-off versus Kellan Lain in Aeros zone.
10:30 of 2nd period - Slapshot by Dana Tyrell.
10:30 of 2nd period - Shot Blocked by Douglas Murray.
10:32 of 2nd period - Slapshot by Ilari Melart.
10:32 of 2nd period - Shot Misses the Net.
10:34 of 2nd period - Backhand shot by Andrew Gordon.
10:34 of 2nd period - Stopped by Jeff Deslauriers with a rebound.
10:36 of 2nd period - Snap shot by Dana Tyrell.
10:36 of 2nd period - Stopped by Jeff Deslauriers with a rebound.
10:38 of 2nd period - Slapshot by Jason Zucker.
10:38 of 2nd period - Shot Blocked by Mike Angelidis.
10:40 of 2nd period - Slapshot by Dana Tyrell.
10:40 of 2nd period - Deflect By Jason Zucker.
10:40 of 2nd period - Stopped by Jeff Deslauriers with a rebound.
10:42 of 2nd period - Snap shot by Jason Zucker.
10:42 of 2nd period - Shot Hit the Post.
10:50 of 2nd period - Snap shot by Dana Tyrell.
10:50 of 2nd period - Shot Misses the Net.
11:16 of 2nd period - Slapshot by Cam Janssen.
11:16 of 2nd period - Shot Blocked by Paul Thompson.
11:18 of 2nd period - Slapshot by Craig Cunningham.
11:18 of 2nd period - Shot Misses the Net.
11:20 of 2nd period - Wrist shot by Craig Cunningham.
11:20 of 2nd period - Stopped by Jeff Deslauriers without a rebound.
11:21 of 2nd period - Brodie Dupont wins face-off versus Mitchell Heard in Griffins zone.
11:22 of 2nd period - Wrist shot by Colin Stuart.
11:22 of 2nd period - Shot Blocked by Derek Meech.
11:58 of 2nd period - Snap shot by Ben Eager.
11:58 of 2nd period - Shot Misses the Net.
12:00 of 2nd period - Snap shot by John Albert.
12:00 of 2nd period - Stopped by Harri Sateri with a rebound.
12:02 of 2nd period - Snap shot by Robert Czarnik.
12:02 of 2nd period - Stopped by Harri Sateri without a rebound.
12:03 of 2nd period - Robert Czarnik wins face-off versus Dana Tyrell in Aeros zone.
12:11 of 2nd period - Minor Penalty to Andrew Gordon for Slashing.
12:12 of 2nd period - Cam Janssen wins face-off versus Kellan Lain in Aeros zone.
12:12 of 2nd period - Cam Janssen is hit by Mike Angelidis.
12:24 of 2nd period - Slapshot by Derek Meech.
12:24 of 2nd period - Shot Blocked by Cam Janssen.
14:11 of 2nd period - Penalty to Andrew Gordon is over, Andrew Gordon is back on ice.
14:16 of 2nd period - Scott Campbell is hit by Patrick Wellar and loses puck.
14:45 of 2nd period - Slapshot by Colin Stuart.
14:45 of 2nd period - Stopped by Jeff Deslauriers without a rebound.
14:46 of 2nd period - Mitchell Heard wins face-off versus Brodie Dupont in Griffins zone.
14:46 of 2nd period - Mitchell Heard is hit by Colin Stuart.
15:10 of 2nd period - Wrist shot by Matthew Pistilli.
15:10 of 2nd period - Stopped by Jeff Deslauriers with a rebound.
15:12 of 2nd period - Snap shot by Brodie Dupont.
15:12 of 2nd period - Shot Misses the Net.
15:47 of 2nd period - Slapshot by Cam Janssen.
15:47 of 2nd period - Stopped by Jeff Deslauriers with a rebound.
15:49 of 2nd period - Snap shot by Craig Cunningham.
15:49 of 2nd period - Stopped by Jeff Deslauriers with a rebound.
15:51 of 2nd period - Wrist shot by Craig Cunningham.
15:51 of 2nd period - Stopped by Jeff Deslauriers with a rebound.
16:30 of 2nd period - Mark Mancari is hit by Andrew Gordon and loses puck.
17:10 of 2nd period - Minor Penalty to Bretton Stamler for Goalie Interference.
17:11 of 2nd period - Andrew Gordon wins face-off versus Matt Marquardt in Aeros zone.
18:03 of 2nd period - Slapshot by Colin Stuart.
18:03 of 2nd period - Shot Misses the Net.
18:10 of 2nd period - Off-side.
18:11 of 2nd period - Andrew Gordon wins face-off versus Matt Marquardt in neutral zone.
19:00 of 2nd period - Andrew Gordon is hit by Mark Mancari and loses puck.
19:10 of 2nd period - Penalty to Bretton Stamler is over, Bretton Stamler is back on ice.
19:46 of 2nd period - Jordan Owens is hit by Danny Hobbs and loses puck.
19:47 of 2nd period - Jordan Owens from Griffins is injured at 19:47 of 2nd period (Sprained Left Finger).
19:48 of 2nd period - Andrew Gordon wins face-off versus Matt Marquardt in Griffins zone.
19:48 of 2nd period - Ben Eager beats up Jon Landry.
19:48 of 2nd period - Penalty to Ben Eager for Fighting.
19:48 of 2nd period - Penalty to Jon Landry for Fighting.
19:49 of 2nd period - Dana Tyrell wins face-off versus Matt Marquardt in Griffins zone.
19:59 of 2nd period - Snap shot by Jason Zucker.
19:59 of 2nd period - Shot Misses the Net.
Goals for this period are 0 for Aeros vs 1 for Griffins.
Shots for this period are 10 for Aeros vs 10 for Griffins.

3rd period


0:01 of 3rd period - Dana Tyrell wins face-off versus Matt Marquardt in neutral zone.
0:28 of 3rd period - Wrist shot by Dana Tyrell.
0:28 of 3rd period - Stopped by Jeff Deslauriers without a rebound.
0:29 of 3rd period - Warren Peters wins face-off versus John McFarland in Griffins zone.
0:48 of 3rd period - Snap shot by Mike Angelidis.
0:48 of 3rd period - Stopped by Harri Sateri with a rebound.
0:59 of 3rd period - Slapshot by John McFarland.
0:59 of 3rd period - Stopped by Harri Sateri without a rebound.
1:00 of 3rd period - Dana Tyrell wins face-off versus Matt Marquardt in Aeros zone.
1:23 of 3rd period - Wrist shot by Dana Tyrell.
1:23 of 3rd period - Stopped by Jeff Deslauriers without a rebound.
1:24 of 3rd period - Brodie Dupont wins face-off versus Paul Thompson in Griffins zone.
1:28 of 3rd period - Minor Penalty to Robert Czarnik for Interference.
1:29 of 3rd period - Warren Peters wins face-off versus Mitchell Heard in Griffins zone.
1:50 of 3rd period - Slapshot by Andrew Gordon.
1:50 of 3rd period - Shot Misses the Net.
1:52 of 3rd period - Wrist shot by Colin Stuart.
1:52 of 3rd period - Goal by Colin Stuart - Aeros : 1 - Griffins : 1.
1:53 of 3rd period - Matt Marquardt wins face-off versus Dana Tyrell in neutral zone.
1:55 of 3rd period - Matt Marquardt and Bretton Stamler fight to a draw.
1:55 of 3rd period - Penalty to Matt Marquardt for Fighting.
1:55 of 3rd period - Penalty to Bretton Stamler for Fighting.
1:56 of 3rd period - Paul Thompson wins face-off versus Dana Tyrell in neutral zone.
2:22 of 3rd period - Minor Penalty to Derek Meech for Hooking.
2:23 of 3rd period - Warren Peters wins face-off versus Mitchell Heard in Griffins zone.
2:25 of 3rd period - Snap shot by Andrew Gordon.
2:25 of 3rd period - Stopped by Jeff Deslauriers without a rebound.
2:26 of 3rd period - Warren Peters wins face-off versus Mitchell Heard in Griffins zone.
3:01 of 3rd period - Snap shot by Colin Stuart.
3:01 of 3rd period - Stopped by Jeff Deslauriers with a rebound.
3:03 of 3rd period - Slapshot by Warren Peters.
3:03 of 3rd period - Deflect By Andrew Gordon.
3:03 of 3rd period - Shot Blocked by Mark Mancari.
3:03 of 3rd period - Puck is out of play.
3:04 of 3rd period - Mitchell Heard wins face-off versus Cam Janssen in Griffins zone.
3:29 of 3rd period - Mark Mancari is hit by Cam Janssen and loses puck.
4:22 of 3rd period - Penalty to Derek Meech is over, Derek Meech is back on ice.
4:27 of 3rd period - Off-side.
4:28 of 3rd period - Warren Peters wins face-off versus Kellan Lain in neutral zone.
4:39 of 3rd period - Snap shot by Alexander Sulzer.
4:39 of 3rd period - Stopped by Harri Sateri with a rebound.
4:41 of 3rd period - Snap shot by John McFarland.
4:41 of 3rd period - Deflect By Mike Angelidis.
4:41 of 3rd period - Deflect By Mike Ullrich.
4:41 of 3rd period - Shot Misses the Net.
4:41 of 3rd period - Puck is out of play.
4:42 of 3rd period - Kellan Lain wins face-off versus Mike Ullrich in Aeros zone.
4:53 of 3rd period - Snap shot by Mike Angelidis.
4:53 of 3rd period - Stopped by Harri Sateri with a rebound.
4:55 of 3rd period - Wrist shot by John McFarland.
4:55 of 3rd period - Shot Blocked by Joel Chouinard.
6:11 of 3rd period - Robert Czarnik is hit by Cam Janssen and loses puck.
7:09 of 3rd period - Mark Alt is hit by Brodie Dupont and loses puck.
7:16 of 3rd period - Jani Hakanpaa is hit by Ben Eager and loses puck.
7:41 of 3rd period - Snap shot by Dana Tyrell.
7:41 of 3rd period - Stopped by Jeff Deslauriers with a rebound.
7:43 of 3rd period - Slapshot by Joel Chouinard.
7:43 of 3rd period - Stopped by Jeff Deslauriers without a rebound.
7:44 of 3rd period - John Albert wins face-off versus Dana Tyrell in Griffins zone.
7:58 of 3rd period - Tyler Eckford is hit by Andrew Gordon and loses puck.
8:16 of 3rd period - Icing by Tyler Eckford.
8:17 of 3rd period - Matt Marquardt wins face-off versus Mike Ullrich in Griffins zone.
8:36 of 3rd period - Patrick Wey is hit by Patrick Wellar and loses puck.
8:54 of 3rd period - Mike Ullrich is hit by John McFarland and loses puck.
9:08 of 3rd period - Off-side.
9:09 of 3rd period - Mitchell Heard wins face-off versus Warren Peters in neutral zone.
9:12 of 3rd period - Slapshot by Douglas Murray.
9:12 of 3rd period - Stopped by Harri Sateri with a rebound.
9:17 of 3rd period - Ben Eager and Jon Landry fight to a draw.
9:17 of 3rd period - Penalty to Ben Eager for Fighting.
9:17 of 3rd period - Penalty to Jon Landry for Fighting.
9:18 of 3rd period - Dana Tyrell wins face-off versus Kellan Lain in Griffins zone.
10:12 of 3rd period - Off-side.
10:13 of 3rd period - Mitchell Heard wins face-off versus Warren Peters in neutral zone.
10:22 of 3rd period - Wrist shot by John Albert.
10:22 of 3rd period - Stopped by Harri Sateri with a rebound.
10:24 of 3rd period - Slapshot by Paul Thompson.
10:24 of 3rd period - Shot Blocked by Warren Peters.
10:30 of 3rd period - Snap shot by John Albert.
10:30 of 3rd period - Deflect By Paul Thompson.
10:30 of 3rd period - Shot Misses the Net.
10:30 of 3rd period - Puck is out of play.
10:31 of 3rd period - Matthew Pistilli wins face-off versus Matt Marquardt in Aeros zone.
10:46 of 3rd period - Wrist shot by Alexander Sulzer.
10:46 of 3rd period - Stopped by Harri Sateri with a rebound.
10:48 of 3rd period - Slapshot by Alexander Sulzer.
10:48 of 3rd period - Stopped by Harri Sateri with a rebound.
10:56 of 3rd period - Snap shot by Matt Marquardt.
10:56 of 3rd period - Shot Misses the Net.
11:59 of 3rd period - Snap shot by John McFarland.
11:59 of 3rd period - Deflect By Andrew Gordon.
11:59 of 3rd period - Shot Misses the Net.
11:59 of 3rd period - Puck is out of play.
12:00 of 3rd period - Kellan Lain wins face-off versus Dana Tyrell in Aeros zone.
12:17 of 3rd period - Snap shot by Mike Angelidis.
12:17 of 3rd period - Deflect By John McFarland.
12:17 of 3rd period - Shot Blocked by Andrew Gordon.
12:17 of 3rd period - Puck is out of play.
12:18 of 3rd period - Matt Marquardt wins face-off versus Warren Peters in Aeros zone.
12:19 of 3rd period - Wrist shot by Mark Mancari.
12:19 of 3rd period - Stopped by Harri Sateri with a rebound.
12:39 of 3rd period - Snap shot by Paul Thompson.
12:39 of 3rd period - Deflect By Mark Mancari.
12:39 of 3rd period - Shot Blocked by Craig Cunningham.
12:39 of 3rd period - Puck is out of play.
12:40 of 3rd period - Kellan Lain wins face-off versus Dana Tyrell in Aeros zone.
12:54 of 3rd period - Wrist shot by Mike Angelidis.
12:54 of 3rd period - Shot Blocked by Jani Hakanpaa.
13:02 of 3rd period - Slapshot by Mike Angelidis.
13:02 of 3rd period - Shot Blocked by Dana Tyrell.
13:13 of 3rd period - Snap shot by John McFarland.
13:13 of 3rd period - Stopped by Harri Sateri with a rebound.
13:15 of 3rd period - Snap shot by Kellan Lain.
13:15 of 3rd period - Stopped by Harri Sateri without a rebound.
13:16 of 3rd period - Warren Peters wins face-off versus Matt Marquardt in Aeros zone.
13:18 of 3rd period - Minor Penalty to Cam Janssen for Hooking.
13:19 of 3rd period - Matt Marquardt wins face-off versus Andrew Gordon in Aeros zone.
13:19 of 3rd period - Slapshot by Mark Mancari.
13:19 of 3rd period - Shot Misses the Net.
13:45 of 3rd period - Snap shot by Matt Marquardt.
13:45 of 3rd period - Stopped by Harri Sateri with a rebound.
14:16 of 3rd period - Colin Stuart is hit by John McFarland and loses puck.
14:17 of 3rd period - Penalty to Jon Landry is over, Jon Landry is back on ice.
15:35 of 3rd period - Snap shot by John Albert.
15:35 of 3rd period - Stopped by Harri Sateri with a rebound.
15:37 of 3rd period - Snap shot by Ben Eager.
15:37 of 3rd period - Shot Misses the Net.
15:39 of 3rd period - Snap shot by Ben Eager.
15:39 of 3rd period - Shot Misses the Net.
15:41 of 3rd period - Slapshot by Douglas Murray.
15:41 of 3rd period - Deflect By John Albert.
15:41 of 3rd period - Shot Misses the Net.
15:41 of 3rd period - Puck is out of play.
15:42 of 3rd period - Robert Czarnik wins face-off versus Mike Ullrich in Aeros zone.
16:07 of 3rd period - Double Minor Penalty to Danny Hobbs for Roughing.
16:08 of 3rd period - Andrew Gordon wins face-off versus Matt Marquardt in Aeros zone.
16:08 of 3rd period - Andrew Gordon is hit by Mark Alt.
16:19 of 3rd period - Slapshot by Dana Tyrell.
16:19 of 3rd period - Shot Misses the Net.
18:11 of 3rd period - Tyler Eckford is hit by Colin Stuart and loses puck.
18:38 of 3rd period - Jon Landry is hit by Mike Angelidis and loses puck.
18:57 of 3rd period - Slapshot by Mark Alt.
18:57 of 3rd period - Stopped by Harri Sateri without a rebound.
18:58 of 3rd period - Matt Marquardt wins face-off versus Cam Janssen in Aeros zone.
19:25 of 3rd period - Wrist shot by Scott Campbell.
19:25 of 3rd period - Stopped by Jeff Deslauriers with a rebound.
19:27 of 3rd period - Slapshot by Jon Landry.
19:27 of 3rd period - Shot Misses the Net.
19:43 of 3rd period - Tyler Eckford is hit by Scott Campbell and loses puck.
Goals for this period are 1 for Aeros vs 0 for Griffins.
Shots for this period are 8 for Aeros vs 14 for Griffins.

Overtime #1


0:01 of 1st overtime period - Ben Eager wins face-off versus Andrew Gordon in neutral zone.
0:07 of 1st overtime period - Penalty to Danny Hobbs is over, Danny Hobbs is back on ice.
0:14 of 1st overtime period - Slapshot by Mark Mancari.
0:14 of 1st overtime period - Shot Misses the Net.
0:16 of 1st overtime period - Snap shot by Ben Eager.
0:16 of 1st overtime period - Shot Misses the Net.
0:49 of 1st overtime period - Icing by Mark Mancari.
0:50 of 1st overtime period - Ben Eager wins face-off versus Andrew Gordon in Griffins zone.
1:37 of 1st overtime period - Patrick Wey is hit by Ben Eager.
1:49 of 1st overtime period - Patrick Wellar is hit by Joel Chouinard and loses puck.
2:02 of 1st overtime period - Jon Landry is hit by Mitchell Heard and loses puck.
2:13 of 1st overtime period - Slapshot by Mark Alt.
2:13 of 1st overtime period - Stopped by Harri Sateri without a rebound.
2:14 of 1st overtime period - Ben Eager wins face-off versus Matthew Pistilli in Aeros zone.
3:16 of 1st overtime period - Wrist shot by Craig Cunningham.
3:16 of 1st overtime period - Stopped by Jeff Deslauriers with a rebound.
3:20 of 1st overtime period - Snap shot by Craig Cunningham.
3:20 of 1st overtime period - Stopped by Jeff Deslauriers with a rebound.
3:22 of 1st overtime period - Snap shot by Joel Chouinard.
3:22 of 1st overtime period - Shot Blocked by Paul Thompson.
3:24 of 1st overtime period - Snap shot by Patrick Wey.
3:24 of 1st overtime period - Deflect By Craig Cunningham.
3:24 of 1st overtime period - Shot Misses the Net.
3:24 of 1st overtime period - Puck is out of play.
3:25 of 1st overtime period - Andrew Gordon wins face-off versus Ben Eager in Griffins zone.
3:57 of 1st overtime period - John McFarland is hit by Jon Landry and loses puck.
4:08 of 1st overtime period - Joel Chouinard is hit by John McFarland and loses puck.
4:13 of 1st overtime period - Wrist shot by Mike Angelidis.
4:13 of 1st overtime period - Stopped by Harri Sateri with a rebound.
4:19 of 1st overtime period - Mark Alt is hit by Joel Chouinard and loses puck.
4:42 of 1st overtime period - Slapshot by Andrew Gordon.
4:42 of 1st overtime period - Stopped by Jeff Deslauriers with a rebound.
Goals for this period are 0 for Aeros vs 0 for Griffins.
Shots for this period are 3 for Aeros vs 2 for Griffins.

ShootOut


5:00 of 1st overtime period - Penalty Shot by Andrew Gordon for Aeros.
5:00 of 1st overtime period - Backhand shot by Andrew Gordon.
5:00 of 1st overtime period - Goal by Andrew Gordon.
5:00 of 1st overtime period - Penalty Shot by Ben Eager for Griffins.
5:00 of 1st overtime period - Wrist shot by Ben Eager.
5:00 of 1st overtime period - Stopped by Harri Sateri.
5:00 of 1st overtime period - Penalty Shot by Jason Zucker for Aeros.
5:00 of 1st overtime period - Deke by Jason Zucker.
5:00 of 1st overtime period - Goal by Jason Zucker.
5:00 of 1st overtime period - Penalty Shot by Mark Mancari for Griffins.
5:00 of 1st overtime period - Deke by Mark Mancari.
5:00 of 1st overtime period - Goal by Mark Mancari.
5:00 of 1st overtime period - Penalty Shot by Craig Cunningham for Aeros.
5:00 of 1st overtime period - Backhand shot by Craig Cunningham.
5:00 of 1st overtime period - Stopped by Jeff Deslauriers.
5:00 of 1st overtime period - Penalty Shot by John McFarland for Griffins.
5:00 of 1st overtime period - Wrist shot by John McFarland.
5:00 of 1st overtime period - Shot Misses the Net.


Output by the SimonT Hockey Simulator (STHS) for Eric Dolegowski -- Original Page W3C XHTML 1.0 Valid
Hockey Simulator - Hockey Simulation - Hockey Manager